 Dungeon Crawl Stone Soup version 0.28.0-49-g6dfe1f597d (webtiles) character file.

Game seed: 1163613091856119737

16 Exodus22XD the Ducker (level 2, 0/22 HPs)
             Began as a Demonspawn Gladiator on May 15, 2022.
             Slain by a quokka (2 damage)
             ... on level 1 of the Dungeon.
             The game lasted 00:00:18 (340 turns).

Exodus22XD the Ducker (Demonspawn Gladiator)         Turns: 340, Time: 00:00:18

Health: 0/22       AC:  4    Str: 14    XL:     2   Next: 37%
Magic:  2/2        EV: 12    Int:  9    God:
Gold:   5          SH:  0    Dex: 14    Spells: 1/1 levels left

rFire   . . .      SeeInvis .   a - +0 trident
rCold   . . .      Faith    .   (no shield)
rNeg    . . .      Spirit   .   b - +0 leather armour
rPois   .          Reflect  .   c - +0 helmet
rElec   .          Harm     .   (no cloak)
rCorr   .          Rampage  .   (no gloves)
Will    .....                   (no boots)
Stlth   +.........              (no amulet)
HPRegen 0.07/turn               (no ring)
MPRegen 0.08/turn               (no ring)

@: no status effects
A: claws 1
a: no special abilities


You were on level 1 of the Dungeon.
You visited 1 branch of the dungeon, and saw 1 of its levels.

You collected 5 gold pieces.

Inventory:

Hand Weapons
 a - a +0 trident (weapon)
Missiles
 d - 3 throwing nets (quivered)
Armour
 b - a +0 leather armour (worn)
 c - a +0 helmet (worn)
Scrolls
 e - a scroll of fear {unknown}
Potions
 f - a potion of mutation {unknown}
 g - a potion of haste {unknown}


   Skills:
 + Level 2.0 Fighting
 + Level 2.8 Polearms
 + Level 2.1 Throwing
 + Level 3.0 Dodging


You had one spell level left.
You didn't know any spells.
Your spell library contained the following spells:

 Spells                   Type           Power      Damage    Failure   Level
 Sting                    Tmut/Pois      0%         1d3       45%         1
 Poisonous Vapours        Pois/Air       0%         N/A       61%         2
 Olgreb's Toxic Radiance  Pois           0%         N/A       99%         4


Dungeon Overview and Level Annotations

Branches:
Dungeon (1/15)

Altars:


Innate Abilities, Weirdness & Mutations

You have sharp fingernails.


Message History

The frilled lizard bites you but does no damage.
The goblin closely misses you. The kobold hits you with a +0 club.
The frilled lizard misses you.
A quokka comes into view.
You hit the kobold.
You kill the kobold!
A hobgoblin comes into view.
The hobgoblin shouts!
You puncture the frilled lizard!
You kill the frilled lizard!
You miss the goblin. You claw the goblin.
The goblin is moderately wounded.
The goblin hits you with a +0 dagger.
You are too injured to fight recklessly!
There are monsters nearby!
You are too injured to fight recklessly!
There are monsters nearby!
You are too injured to fight recklessly!
You hit the goblin but do no damage.
The goblin is moderately wounded.
The goblin hits you but does no damage. The quokka bites you.
The hobgoblin hits you.
Things that are here:
a +0 club; a kobold corpse You closely miss the quokka.
The quokka closely misses you. The goblin hits you but does no damage.
The hobgoblin hits you. The quokka barely misses you.
The goblin completely misses you.
You closely miss the quokka. The hobgoblin hits you.
* * * LOW HITPOINT WARNING * * *
The quokka misses you. The goblin hits you but does no damage.
The hobgoblin hits you.
* * * LOW HITPOINT WARNING * * *
You closely miss the quokka. The quokka closely misses you.
The goblin closely misses you. The quokka barely misses you.
The hobgoblin barely misses you. The goblin barely misses you.
The goblin hits you with a +0 dagger.
* * * LOW HITPOINT WARNING * * *
You closely miss the quokka. The quokka bites you.
You die...

..# ..# #.# ..# #.# ..# ###
###.### ..# #.. ..#... ..#
#.# #.#..# . ..####.#
#####.#..# ...
.......#######...#g#.)#..###
..###...).......@rg).)......
..####.#######...####.#..###
.†)..#.# ##### .# # .......#
.# .......####### .#
..####...(.... .# ..#
######### ## ..# ###


You could see a quokka, a hobgoblin and a goblin.

Vanquished Creatures
  An endoplasm (D:1)
  A giant cockroach (D:1)
  2 goblins (D:1)
  5 kobolds (D:1)
  2 ball pythons (D:1)
  A frilled lizard (D:1)
  3 rats (D:1)
15 creatures vanquished.

Notes
Turn   | Place    | Note
-------+----------+-------------------------------------------
     0 | D:1      | Exodus22XD the Demonspawn Gladiator began the quest for the
                  | Orb.
     0 | D:1      | Reached XP level 1. HP: 16/16 MP: 1/1
   276 | D:1      | Found a faded altar of an unknown god.
   286 | D:1      | Gained mutation: You have sharp fingernails. [demonic
                  | ancestry]
   286 | D:1      | Reached XP level 2. HP: 22/22 MP: 2/2
   326 | D:1      | Reached skill level 3 in Dodging
   340 | D:1      | Slain by a quokka

Illustrated notes

Levels and vault maps discovered:
D:1:      amcnicky_arrival_gap_in_the_tavern_cellar, layout_loops_ring,
          basic_ecumenical_altar, serial_shops, nicolae_shop_stone

Skill      XL: |  1  2 |
---------------+-------+-----
Throwing       | 2 |  2.1
Dodging        | 3 |  3.0
Fighting       | |  2.0
Polearms       | |  2.8

Action                   || total
-------------------------++-------
Melee: Trident           ||    53
       Punch             ||     1
Armor: Leather armour    ||    18
Dodge: Dodged            ||    38
